 Dungeon Crawl Stone Soup version 0.14-a0-1576-gf4c5cb9 (webtiles) character file.

268 Piginabag the Magician (level 4, -3/27 HPs)
             Began as an Octopode Wizard on Dec 21, 2013.
             Killed by nerve-wracking pain
             ... invoked by an orc priest
              (5 damage)
             ... on Level 3 of the Dungeon.
             The game lasted 00:12:32 (2877 turns).

Piginabag the Magician (Octopode Wizard)            Turns: 2877, Time: 00:12:32

HP  -3/27        AC  6     Str  7      XL: 4   Next: 93%
MP   3/11        EV 12     Int 25      God:
Gold 156         SH  0     Dex 10      Spells:  5 memorised,  0 levels left

rFire  . . .     SeeInvis .     q - +3,+1 dwarf mace (protect)
rCold  . . .     Clarity  .     (no shield)
rNeg   . . .     Conserve .     b - +0 wizard hat
rPois  .         rCorr    .     (no amulet)
rElec  .         rRot     .     (no ring)
SustAb . .       Spirit   .     (no ring)
rMut   .         Warding  .     (no ring)
Saprov . . .     Stasis   .     (no ring)
                                (no ring)
                                (no ring)
                                (no ring)
                                (no ring)

@: invisible, brilliant, very slightly contaminated, slightly resistant to
hostile enchantments, quite stealthy
A: almost no armour, amphibious, 8 rings, constrict 8, camouflage 1, gelatinous
body 1
a: no special abilities


You were on level 3 of the Dungeon.
You were not hungry.

You visited 1 branch of the dungeon, and saw 3 of its levels.

You collected 156 gold pieces.

Inventory:

Hand weapons
 a - a +0,+0 dagger
 q - a +3,+1 dwarven mace of protection (weapon)
Armour
 b - a +0 wizard hat (worn)
Comestibles
 d - 2 bread rations
 f - a royal jelly
 l - 3 chokos
 p - a rambutan
 r - an apple
Scrolls
 g - a scroll of random uselessness {unknown}
 i - 6 scrolls of identify {unknown}
 j - 2 scrolls of remove curse {unknown}
 m - a scroll of noise {unknown}
 o - 2 scrolls of teleportation {unknown}
Potions
 e - a potion of restore abilities {unknown}
Books
 c - a book of Minor Magic

   Spells                             Type                      Level
   *Magic Dart                        Conjuration                  1
   *Blink                             Translocation                2
   Call Imp                           Summoning                    2
   *Repel Missiles                    Charms/Air                   2
   Slow                               Hexes                        2
   *Conjure Flame                     Conjuration/Fire             3
   *Mephitic Cloud                    Conjuration/Poison/Air       3


   Skills:
 + Level 2.6 Dodging
 + Level 3.3 Stealth
 + Level 4.2 Spellcasting
 + Level 2.2 Conjurations
   Level 1.0 Summonings
 + Level 1.0 Translocations


You couldn't memorise any spells.
You knew the following spells:

 Your Spells              Type           Power        Failure   Level  Hunger
a - Magic Dart            Conj           ####         1%          1    None
b - Mephitic Cloud        Conj/Pois/Air  ###.....     2%          3    ##.....
c - Conjure Flame         Conj/Fire      ####....     2%          3    ##.....
d - Blink                 Tloc           N/A          1%          2    None
e - Repel Missiles        Chrm/Air       ###.......   1%          2    None


Dungeon Overview and Level Annotations

Branches:
Dungeon (3/16)

Altars:


Innate Abilities, Weirdness & Mutations

You cannot wear most types of armour.
You are amphibious.
You can wear up to eight rings at the same time.
You can use your tentacles to constrict many enemies at once.
Your skin changes colour to match your surroundings (Stlth).
Your rubbery body absorbs attacks (AC +1).


Message History

Casting: Magic Dart
Confirm with . or Enter, or press ? or * to list all spells.
Aiming: Mephitic Cloud
Press: ? - help, Shift-Dir - straight line, p - orc priest The beam explodes into a vile cloud!
The stinking cloud engulfs the orc priest.
The orc priest is lightly wounded.
The orc priest hits you with a glowing orcish mace.
* * * LOW HITPOINT WARNING * * *
Drink which item? (? for menu, Esc to quit)
You feel clever all of a sudden.
It was a potion of brilliance.
The orc priest glows brightly for a moment.
Drink which item? (? for menu, Esc to quit)
You fade into invisibility!
It was a potion of invisibility.
The orc priest closely misses you.
You are very lightly contaminated with residual magic.
The orc priest mumbles some strange prayers to Beogh against you.
Pain shoots through your body!
You die...

...............o...........
............................
..........#########.........
.....).<(.#########..>......
...............§§)..........
...............§§...........
######..#######..o.........
# #..# #..########## #
#..#######.@##########..# .
...........<.(..).......#
#...##########.#########.#
#...# #r# . ..# .... .....
......# .....#


You could see an orc priest and a quokka (wandering).

Vanquished Creatures
  An orc priest (D:3)
  An adder (D:2)
  A worm (D:3)
  A giant gecko (D:2)
  4 orcs
  A ball python (D:1)
  3 giant cockroaches
  10 hobgoblins
  A quokka (D:2)
  8 bats
  2 giant newts (D:2)
  5 goblins
  6 jackals (D:2)
  A jackal skeleton (D:3)
  8 kobolds
  12 rats
65 creatures vanquished.

Notes
Turn   | Place    | Note
--------------------------------------------------------------
     0 | D:1      | Piginabag, the Octopode Wizard, began the quest for the Orb.
     0 | D:1      | Reached XP level 1. HP: 11/11 MP: 4/4
   325 | D:1      | Reached XP level 2. HP: 4/17 MP: 0/6
  1044 | D:2      | Reached XP level 3. HP: 19/21 MP: 1/8
  1834 | D:2      | Reached skill level 4 in Spellcasting
  1976 | D:2      | Reached XP level 4. HP: 27/27 MP: 6/11
  1981 | D:2      | Learned a level 3 spell: Mephitic Cloud
  1985 | D:2      | Learned a level 3 spell: Conjure Flame
  1988 | D:2      | Learned a level 2 spell: Blink
  1991 | D:2      | Learned a level 2 spell: Repel Missiles
  2877 | D:3      | Killed from afar by an orc priest

Action                   |  1- 3 |  4- 6 || total
-------------------------+-------+-------++-------
Melee: Dagger            |    32 |       ||    32
       Unarmed           |     3 |       ||     3
       Mace              |     8 |     4 ||    12
 Cast: Magic Dart        |    99 |    57 ||   156
       Mephitic Cloud    |       |     3 ||     3
  Use: Potion            |       |     2 ||     2
